 Dungeon Crawl Stone Soup version 0.31-a0-455-g1a7b003ef0 (webtiles) character file.

Game seed: 17771279245976157372

96 drugrobin the Sneak (level 4, 0/37 HPs)
             Began as a Demigod Delver on Aug 4, 2023.
             Slain by an orc
             ... wielding a +1 hand axe of flaming
              (5 damage)
             ... on level 2 of the Dungeon.
             The game lasted 00:07:01 (1987 turns).

drugrobin the Sneak (Demigod Delver)                Turns: 1987, Time: 00:07:02

Health: 0/37       AC:  9    Str: 17    XL:     4   Next: 18%
Magic:  6/6        EV:  8    Int: 12    God:
Gold:   111        SH:  0    Dex: 15    Spells: 3/3 levels left

rFire   . . .        a - +0 hand axe
rCold   . . .        (no shield)
rNeg    . . .        p - +0 chain mail
rPois   .            (no helmet)
rElec   .            (no cloak)
rCorr   .            q - +0 pair of gloves
SInv    .            (no boots)
Will    .....        (no amulet) Stlth
                     (no ring)
HPRegen 0.26/turn    (no ring)
MPRegen 0.10/turn

%: no passive effects
@: no status effects
A: high MP 1, forlorn, divine attributes
a: no special abilities


You were on level 2 of the Dungeon.
You visited 1 branch of the dungeon, and saw 5 of its levels.

You collected 111 gold pieces.

Inventory:

Hand Weapons
 a - a +0 hand axe (weapon)
 b - the +2 short sword "Inaigyvoth" {heavy, Int+4}
   (You found it on level 2 of the Dungeon)

   Int:       It affects your intelligence (+4).
Armour
 p - a +0 chain mail (worn)
 q - a +0 pair of gloves (worn)
 u - a +0 leather armour
Wands
 d - a wand of iceblast (6)
 g - a wand of digging (1)
Scrolls
 c - a scroll of fog
 e - a scroll of fear
 h - a scroll of vulnerability {unknown}
 j - 3 scrolls of identify {unknown}
 l - a scroll of noise {unknown}
 m - a scroll of immolation {unknown}
 r - a scroll of teleportation {unknown}
 s - a scroll of poison {unknown}
Potions
 f - a potion of haste
 i - a potion of degeneration {unknown}
 k - 2 potions of heal wounds {unknown}
 n - a potion of brilliance {unknown}
 o - a potion of attraction {unknown}
 t - a potion of lignification {unknown}


   Skills:
 - Level 2.6 Fighting
 + Level 4.3 Axes
 - Level 1.7 Dodging
 - Level 4.5 Stealth


You had 3 spell levels left.
You didn't know any spells.
Your spell library contained the following spells:

 Spells                   Type           Power      Damage    Failure   Level
 Apportation              Tloc           0%         N/A       99%         1
 Necrotise                Necr           0%         1d4       99%         1
 Summon Small Mammal      Summ           0%         N/A       99%         1
 Ignite Poison            Fire/Tmut/Pois 0%         N/A       100%        3
 Sticky Flame             Conj/Fire      0%         2d3       100%        4
 Ignition                 Fire           0%         3d3       100%        8


Dungeon Overview and Level Annotations

Branches:
Dungeon (5/15)
 Temple: D:4-7

Shops:
D:2 =

Annotations:
D:5 exclusion: scorpion, Ijyb


Innate Abilities, Weirdness & Mutations

You have an increased reservoir of magic. (+10% MP)
You shall have no god before yourself.
Your divine heritage dramatically boosts your attributes as you level up.


Message History

* * * LOW HITPOINT WARNING * * *
The orc barely misses you.
Unknown command.
You closely miss the orc.
The orc is heavily wounded.
You hit the orc but do no damage. The orc hits you but does no damage. x2
Unknown command.
Unknown command.
You hit the orc but do no damage.
The orc is heavily wounded.
You hit the orc. The orc barely misses you. The orc closely misses you.
Unknown command.
Press: ? - help, v - describe, . - travel
Here: an orc, wielding a +0 club, wearing a +0 chain mail and quivering boomerangs (lightly wounded)
The floor.
Unknown command.
Unknown command.
Unknown command.
You barely miss the orc.
The orc is heavily wounded.
You hit the orc but do no damage. The orc hits you but does no damage.
The orc hits you with a +0 club.
* * * LOW HITPOINT WARNING * * *
Unknown command.
Unknown command.
Unknown command.
You hit the orc but do no damage.
The orc is heavily wounded.
You hit the orc but do no damage.
The orc hits you with a +1 hand axe of flaming.
* * * LOW HITPOINT WARNING * * *
The orc burns you.
* * * LOW HITPOINT WARNING * * *
The orc hits you but does no damage.
Unknown command.
You hit the orc but do no damage.
The orc is heavily wounded.
You hit the orc but do no damage.
The orc hits you with a +1 hand axe of flaming.
You die...

###.# #.# #.###
###########
#...############
#..........
#..............#
#.#########
#......[.......# #.#
###+##...........######.#
................o##.....#
...............o@##.....#
................)##.....#
###.###################.#
....# #########'##
##..###########..........#
..............'........>.#
###..##########..........#
#.........# #..........#
##.###....###########'##


You could see 2 orcs.

Vanquished Creatures
  5 adders
  An ufetubus (D:4)
  A dart slug (D:1)
  3 orcs
  3 bats
  3 endoplasms
  4 giant cockroaches
  3 hobgoblins (D:1)
  A quokka (D:1)
  5 ball pythons
  4 goblins
  4 kobolds
  5 rats
42 creatures vanquished.

Notes
Turn   | Place    | Note
-------+----------+-------------------------------------------
     0 | D:5      | drugrobin the Demigod Delver began the quest for the Orb.
     0 | D:5      | Reached XP level 1. HP: 18/18 MP: 3/3
    30 | D:5      | Noticed a scorpion
   116 | D:5      | Reached XP level 2. HP: 11/25 MP: 4/4
   314 | D:5      | Noticed Ijyb
   382 | D:3      | Reached XP level 3. HP: 5/30 MP: 5/5
  1382 | D:2      | Found Nedd's Jewellery Boutique.
  1649 | D:2      | Identified the +2 short sword "Inaigyvoth" {heavy, Int+4}
  1670 | D:2      | Reached XP level 4. HP: 37/37 MP: 6/6
  1987 | D:2      | Slain by an orc

Illustrated notes

Levels and vault maps discovered:
D:1:      minmay_arrival_glassed_features, layout_rooms,
          hangedman_decor_clover_reticule, minmay_crystal_water
D:2:      layout_basic, basic_altar, serial_shops, shop
D:3:      layout_basic, old_standard_altar
D:4:      gammafunk_cloud_chamber, layout_cave_pools, minivault_14, uniq_grinder
D:5:      old_forge, layout_cave_pods, gammafunk_ghost_mausoleum,
          kennysheep_potato, uniq_ijyb, uniq_pikel, uniq_blork_the_orc,
          uniq_prince_ribbit1

Skill      XL: |  1  2  3 |
---------------+----------+-----
Axes           | 2 3 4 |  4.3
Fighting       | |  2.6
Dodging        | |  1.7
Stealth        | |  4.5

Action                     |  1- 3 |  4- 6 || total
---------------------------+-------+-------++-------
  Melee: Hand axe          |   139 |    11 ||   150
         Short sword       |     2 |     9 ||    11
  Evoke: Wand              |     2 |       ||     2
    Use: Scroll            |     1 |       ||     1
   Stab: Sleeping          |     3 |       ||     3
 Armour: Leather armour    |    42 |       ||    42
         Chain mail        |    34 |    29 ||    63
  Dodge: Dodged            |    94 |    17 ||   111

Table legend: (Time is in decaauts)
 A = Elapsed time spent in this place.
 B = Non-inter-level travel time spent in this place.
 C = Inter-level travel time spent in this place.
 D = Time resting spent in this place.
 E = Time spent auto-exploring this place.
 F = Levels seen in this place.
 G = Mean time per level.
                   A        B        C        D        E       F      G
               +--------+--------+--------+--------+--------+-----+--------+
         Total |   2009 |   1925 |     84 |    253 |   1092 |   5 |  401.8 |
       Dungeon |   2009 |   1925 |     84 |    253 |   1092 |   5 |  401.8 |
               +--------+--------+--------+--------+--------+-----+--------+

Top non-repeatable levels by time:
     D:2: 859 daAuts
     D:1: 667 daAuts
     D:5: 310 daAuts
     D:3: 144 daAuts
     D:4: 26 daAuts
